 Dungeon Crawl Stone Soup version 0.19.1-1-g22dce08 (webtiles) character file.

4365 pib the Grappler (level 10, -3/104 HPs)
             Began as a Troll Monk on Dec 29, 2016.
             Was a Believer of Okawaru.
             Slain by a troll (13 damage)
             ... on level 9 of the Dungeon.
             The game lasted 00:28:02 (7821 turns).

pib the Grappler (Troll Monk)                       Turns: 7821, Time: 00:28:02

Health: -3/104     AC:  5    Str: 22    XL:     10   Next: 13%
Magic:  7/9        EV: 20    Int:  6    God:    Okawaru [**....]
Gold:   373        SH:  0    Dex: 14    Spells: 0 memorised, 9 levels left

rFire  . . .     SeeInvis .       - Unarmed
rCold  . . .     Gourm    +     C - +0 robe (curse)
rNeg   . . .     Faith    .     (no shield)
rPois  .         Spirit   .     (helmet restricted)
rElec  .         Reflect  .     (no cloak)
rCorr  .         Harm     .     (gloves unavailable)
MR     .....                    (boots unavailable)
Stlth  +++.......               m - amulet of regeneration
                                (no ring)
                                u - +3 ring of evasion

@: heroism
A: unfitting armour, claws 3, fast metabolism 3, gourmand, regeneration 1,
shaggy fur 1, tough skin 2
a: Heroism, Renounce Religion


You were on level 9 of the Dungeon.
You worshipped Okawaru.
Okawaru was pleased with you.
You were completely stuffed.

You visited 2 branches of the dungeon, and saw 10 of its levels.
You also visited: Sewer and Bailey.

You collected 373 gold pieces.

Inventory:

Armour
 a - a +1 robe
 C - a cursed +0 robe (worn)
Jewellery
 m - an amulet of regeneration (around neck)
 o - an uncursed amulet of faith
 u - a +3 ring of evasion (left claw)
 y - an uncursed ring of resist corrosion {unknown}
 z - an uncursed amulet of rage {unknown}
Wands
 p - a wand of disintegration (6/24)
 A - a wand of acid (4/15)
 B - a wand of teleportation (6/9)
 H - a wand of random effects (29/48)
Scrolls
 d - 2 scrolls of remove curse {unknown}
 f - a scroll of enchant weapon {unknown}
 h - 4 scrolls of teleportation {unknown}
 i - 3 scrolls of enchant armour
 r - 2 scrolls of immolation {unknown}
 v - a scroll of recharging {unknown}
 w - 2 scrolls of amnesia {unknown}
 D - a scroll of fear {unknown}
 E - a scroll of random uselessness {unknown}
Potions
 e - a potion of invisibility {unknown}
 j - 2 potions of heal wounds {unknown}
 k - a potion of brilliance {unknown}
 n - 2 potions of degeneration {unknown}
 q - 3 potions of berserk rage {unknown}
 s - 3 potions of lignification {unknown}
 t - a potion of might {unknown}
 x - 3 potions of curing {unknown}
Comestibles
 b - 9 bread rations
 c - 6 meat rations
 g - 5 fruits
 l - 4 beef jerkies
 F - 7 slices of pizza
 G - 3 chunks of flesh


   Skills:
 + Level 7.7(12.7) Fighting
 + Level 7.5(12.5) Dodging
 - Level 1.0(6.0) Stealth
 + Level 9.1(14.1) Unarmed Combat


You had 9 spell levels left.
You didn't know any spells.

Dungeon Overview and Level Annotations

Branches:
Dungeon (9/15)             Temple (1/1) D:4             Orc (0/2) D:9
   Lair: D:8-11

Altars:
Ashenzari
Cheibriados
Dithmenos
Elyvilon
Fedhas
Gozag
Hepliaklqana
Kikubaaqudgha
Makhleb
Nemelex Xobeh
Okawaru
Qazlal
Ru
Sif Muna
Trog
Uskayaw
Vehumet
Xom
Yredelemnul
Zin
The Shining One

Shops:
D:4 =   D:8 (}

Annotations:
D:3 dscm's ghost, amateur OpFi


Innate Abilities, Weirdness & Mutations

You are too large for most types of armour.
You have claws for hands.
Your metabolism is lightning-fast.
You like to eat raw meat.
Your natural rate of healing is unusually fast.
You are covered in fur. (AC +1)
You have very tough skin. (AC +2)


Message History

The worker ant bites you.
* * * LOW HITPOINT WARNING * * *
The worker ant closely misses you. The troll closely misses you. x2
The troll claws you.
* * * LOW HITPOINT WARNING * * *
You see here a ring mail.
You completely miss the troll.
The troll is moderately wounded.
The worker ant misses you.
You scratch the troll but do no damage.
The troll is moderately wounded.
The troll bites you.
* * * LOW HITPOINT WARNING * * *
The troll claws you but does no damage. The troll claws you.
* * * LOW HITPOINT WARNING * * *
The worker ant barely misses you.
A gnoll shaman comes into view. It is wielding a club.
You gain the combat prowess of a mighty hero.
The troll bites you!
You die...

#.<(##. .
###.....#
#.##### ....h..
.......##g####..
..........# #
........†##
.........#
.......Ta#
..).....@#
.........#
.........#
........##
##.....## ######


You could see a troll, a gnoll shaman and a worker ant.

Vanquished Creatures
  Joseph (D:7)
  A human (D:7)
  A yak (D:7)
  3 hogs
  A steam dragon (D:8)
  2 wargs
  2 orc warriors
  A water moccasin (D:7)
  An ice beast (D:8)
  A sky beast (D:7)
  4 ogres
  2 phantoms
  A centaur (D:8)
  2 crocodiles
  Blork the orc (D:4)
  A wyvern zombie (D:8)
  2 bullfrogs (D:8)
  8 wights (D:6)
  A howler monkey (D:7)
  A centaur skeleton (D:4)
  4 hounds
  A gnoll shaman (D:8)
  6 orc priests
  A jelly (D:7)
  5 orc wizards
  5 iguanas
  6 worker ants
  A hound zombie (D:8)
  3 hound skeletons
  15 gnolls
  5 adders
  An ooze (D:1)
  An adder zombie (D:5)
  3 worms
  2 dart slugs
  6 leopard geckos
  32 orcs
  2 giant cockroaches (D:4)
  8 goblins
  4 hobgoblins
  3 jackals (D:3)
  2 quokkas
  A ball python (D:5)
  11 bats
  5 frilled lizards
  6 kobolds
  9 rats
185 creatures vanquished.

Vanquished Creatures (others)
  A goblin (D:8)
1 creature vanquished.

Grand Total: 186 creatures vanquished

Notes
Turn   | Place    | Note
-------+----------+-------------------------------------------
     0 | D:1      | pib the Troll Monk began the quest for the Orb.
     0 | D:1      | Reached XP level 1. HP: 22/22 MP: 0/0
   232 | D:1      | Reached XP level 2. HP: 24/29 MP: 1/1
   913 | D:2      | Reached XP level 3. HP: 37/37 MP: 2/2
  1655 | D:3      | Reached XP level 4. HP: 43/45 MP: 3/3
  1662 | D:3      | Found a faded altar of an unknown god.
  1689 | D:3      | Noticed dscm's ghost (amateur OpFi)
  1951 | D:3      | Reached skill level 4 in Unarmed Combat
  2024 | D:3      | Reached XP level 5. HP: 47/53 MP: 4/4
  2538 | D:4      | Reached XP level 6. HP: 60/62 MP: 5/5
  2569 | D:4      | Reached skill level 5 in Unarmed Combat
  2582 | D:4      | Found Busa's Jewellery Emporium.
  2742 | D:4      | Found a glowing drain.
  2756 | Sewer    | Entered a sewer
  2803 | Sewer    | Reached XP level 7. HP: 44/71 MP: 6/6
  2895 | D:4      | Noticed Blork the orc
  2942 | D:5      | Entered Level 5 of the Dungeon
  3500 | D:5      | Reached skill level 5 in Fighting
  3500 | D:5      | Reached skill level 6 in Unarmed Combat
  3606 | D:5      | Found a snail-covered altar of Cheibriados.
  3786 | D:6      | Reached XP level 8. HP: 28/80 MP: 7/7
  3923 | D:6      | Reached skill level 5 in Dodging
  4626 | D:6      | Found a blossoming altar of Fedhas.
  4821 | D:6      | Found a deep blue altar of Sif Muna.
  4908 | D:7      | Reached skill level 7 in Unarmed Combat
  4909 | D:7      | Noticed Joseph
  4934 | D:7      | Killed Joseph
  5113 | D:7      | Reached XP level 9. HP: 63/89 MP: 8/8
  5319 | D:7      | Found a glowing silver altar of Zin.
  5681 | D:8      | Reached skill level 8 in Unarmed Combat
  5933 | D:7      | Found a bloodstained altar of Trog.
  6051 | D:8      | Found a flagged portal.
  6212 | D:8      | Found Fyvem's Gadget Shop.
  6352 | Bailey   | Entered a bailey
  6595 | D:8      | Found a sacrificial altar of Ru.
  6639 | D:8      | Found a shadowy altar of Dithmenos.
  6639 | D:8      | Found a white marble altar of Elyvilon.
  6747 | D:8      | Found Perphut's Weapon Boutique.
  6847 | D:9      | Found a staircase to the Orcish Mines.
  7117 | D:4      | Reached XP level 10. HP: 75/102 MP: 9/9
  7148 | D:4      | Killed Blork the orc
  7182 | D:4      | Found a staircase to the Ecumenical Temple.
  7191 | Temple   | Entered the Ecumenical Temple
  7473 | Temple   | Became a worshipper of Warmaster Okawaru
  7473 | Temple   | Reached * piety under Okawaru
  7473 | Temple   | Reached ** piety under Okawaru
  7660 | D:8      | Reached skill level 9 in Unarmed Combat
  7821 | D:9      | Slain by a troll

Skill      XL: |  1  2  3  4  5  6  7  8  9 10 |
---------------+-------------------------------+-----
Fighting       | 3 4 5 6 7 |  7.7
Unarmed Combat | 4 5 6 7 8 9 |  9.1
Dodging        | 3 4 6 7 |  7.5
Stealth        | |  1.0

Action                   |  1- 3 |  4- 6 |  7- 9 | 10-12 || total
-------------------------+-------+-------+-------+-------++-------
Melee: Unarmed           |    71 |   146 |   332 |    32 ||   581
       Punch             |       |     4 |    13 |     4 ||    21
Invok: Heroism           |       |       |       |     1 ||     1
Evoke: Wand              |       |       |     2 |     1 ||     3
  Use: Scroll            |       |     4 |     2 |       ||     6
 Stab: Sleeping          |     4 |     1 |       |       ||     5
  Eat: Chunk             |    18 |    13 |    39 |     7 ||    77
Armor: Robe              |    23 |    33 |    41 |     2 ||    99
Dodge: Dodged            |    32 |    92 |   224 |    33 ||   381
